 Dungeon Crawl Stone Soup version 0.28-a0-479-g5baa6b73be (webtiles) character file.

Game seed: 13735444782392518048

2447 spiderkeys the Skirmisher (level 9, 0/67 (81) HPs)
             Began as a Gnoll Abyssal Knight on Sept 18, 2021.
             Was a Believer of Lugonu.
             Slain by a wight (6 damage)
             ... on level 7 of the Dungeon.
             The game lasted 00:09:28 (7788 turns).

spiderkeys the Skirmisher (Gnoll Abyssal Knight)    Turns: 7788, Time: 00:09:29

HP:   0/67 (81)     AC: 12    Str: 14    XL:     9   Next: 49%
MP:   14/15         EV:  7    Int: 18    God:    Lugonu [**....]
Gold: 398           SH:  0    Dex: 10    Spells: 14/16 levels left

rFire   . . .      SeeInvis .   s - +1 flail (drain)
rCold   + . .      Faith    .   (no shield)
rNeg    . . .      Spirit   .   p - +1 chain mail {rC+}
rPois   .          Reflect  .   A - +0 helmet
rElec   .          Harm     .   (no cloak)
rCorr   +          Rampage  .   (no gloves)
Will    .....                   (no boots)
Stlth   ..........              (no amulet)
HPRegen 0.21/turn               I - +6 ring of intelligence
MPRegen 0.14/turn               R - ring of resist corrosion

@: heavily drained, unable to read
A: fangs 1, strong nose, distributed training, clumsy 1, robust 1, inability to
read while threatened
a: Renounce Religion, Depart the Abyss, Bend Space


You were on level 7 of the Dungeon.
You worshipped Lugonu.
Lugonu was pleased with you.
You visited 1 branch of the dungeon, and saw 7 of its levels.
You visited the Abyss 1 time.

You collected 398 gold pieces.


Innate Abilities, Weirdness & Mutations

You have very sharp teeth.
Your uncanny sense of smell can sniff out nearby items.
Your experience applies equally to all skills.
You are clumsy. (Dex -2)
You are robust. (+10% HP)
You sometimes lose the ability to read scrolls when taking damage.


   Skills:
 + Level 7.9 Fighting
 + Level 4.3 Short Blades
 + Level 4.3 Long Blades
 + Level 4.3 Axes
 + Level 4.3 Maces & Flails
 + Level 6.3 Polearms
 + Level 4.3 Staves
 + Level 4.3 Slings
 + Level 4.3 Bows
 + Level 4.3 Crossbows
 + Level 4.3 Throwing
 + Level 6.3 Armour
 + Level 5.1 Dodging
 + Level 4.3 Stealth
 + Level 4.3 Shields
 + Level 4.3 Unarmed Combat
 + Level 4.3 Spellcasting
 + Level 3.5 Conjurations
 + Level 3.5 Hexes
 + Level 3.5 Summonings
 + Level 3.5 Necromancy
 + Level 3.5 Translocations
 + Level 3.5 Transmutations
 + Level 3.5 Fire Magic
 + Level 3.5 Ice Magic
 + Level 3.5 Air Magic
 + Level 3.5 Earth Magic
 + Level 3.5 Poison Magic
 + Level 6.7 Invocations
 + Level 4.3 Evocations


You had 14 spell levels left.
You knew the following spells:

 Your Spells              Type           Power      Damage    Failure   Level
p - Poisonous Vapours     Pois/Air       32%        N/A       67%         2

Your spell library contained the following spells:

 Spells                   Type           Power      Damage    Failure   Level
 Sting                    Tmut/Pois      64%        1d6       54%         1
 Scorch                   Fire           32%        2d7       67%         2
 Ozocubu's Armour         Ice            16%        N/A       88%         3
 Airstrike                Air            8%         N/A       99%         4
 Flame Wave               Conj/Fire      16%        3d5       99%         4
 Olgreb's Toxic Radiance  Pois           16%        N/A       99%         4
 Summon Lightning Spire   Summ/Air       16%        N/A       99%         4
 Alistair's Intoxication  Tmut/Pois      10%        N/A       100%        5
 Borgnjor's Vile Clutch   Necr/Erth      8%         N/A       100%        5
 Lightning Bolt           Conj/Air       8%         1d20      100%        5
 Eringya's Noxious Bog    Tmut/Pois      8%         N/A       100%        6
 Summon Cactus Giant      Summ           8%         N/A       100%        6
 Ozocubu's Refrigeration  Ice            8%         4d6       100%        7

Inventory:

Hand Weapons
 a - a +1 spear
 o - a +0 trident
   (You found it on level 2 of the Dungeon)
 s - a +1 flail of draining (weapon)
   (You took it off Edmund on level 6 of the Dungeon)
 v - a +0 broad axe
   (You found it on level 6 of the Dungeon)
Missiles
 f - 173 stones
 g - 146 arrows
 h - 29 sling bullets
 k - 13 boomerangs
 m - 2 throwing nets {=f!f}
 q - 2 atropa-tipped darts
 B - 19 poisoned darts
Armour
 b - a +0 leather armour
 p - a +1 chain mail of cold resistance (worn)
   (You took it off Terence on level 2 of the Dungeon)
 A - a +0 helmet (worn)
   (You found it on level 6 of the Dungeon)
Magical Staves
 n - a staff of fire {!a}
   (You found it on level 2 of the Dungeon)
Jewellery
 F - a ring of fire
   (You found it on level 3 of the Abyss)
 I - a +6 ring of intelligence (left hand)
   (You found it on level 3 of the Dungeon)
 R - a ring of resist corrosion (right hand)
   (You found it on level 4 of the Dungeon)
Wands
 j - a wand of flame (17)
   (You took it off Edmund on level 6 of the Dungeon)
 y - a wand of digging (5)
   (You found it on level 6 of the Dungeon)
Scrolls
 e - 2 scrolls of magic mapping {!r}
 l - a scroll of fog
 r - a scroll of teleportation {@r4}
 t - 2 scrolls of fear
 z - a scroll of identify {@r1}
Potions
 d - 2 potions of flight
 i - 2 potions of curing {@q1}
 w - a potion of attraction {unknown}
 x - a potion of might
Miscellaneous
 c - a box of beasts
   (You found it on level 2 of the Abyss)

Dungeon Overview and Level Annotations

Branches:
Dungeon (7/15)             Temple (0/1) D:6

Altars:
Elyvilon
Uskayaw
Wu Jian
Xom
The Shining One

Shops:
D:6

** #......#......#
##.#.#.#......#
###+#...#......#
#....##........#
###.....+.)......#
#......##......###
#......##......#
#.o...........####
#.z@...##........#
#..z#####........#
###...#####........#
#........##........#
#........##........#
#........##........#
###'#######...######
#.# ##### #.#


You could see 2 wights and an orc wizard (drained).


Message History

A wight comes into view.
It is wielding a +3 great sword. 😕 HP[-8]
You now have 79 max hp (-2).
You take 8 damage, and now have 73/79 hp.
You hit something. Something hits you but does no damage.
The wight hits you from afar with a +0 halberd.
You miss something.
You hear some strange, mumbled words.
A magic dart appears from out of thin air!
The magic dart hits you!
The wight hits you from afar with a +0 halberd. 😕 HP[-11]
You take 11 damage, and now have 62/79 hp.
You miss something. Something hits you but does no damage.
The wight hits you from afar with a +0 halberd!
You feel threatened and lose the ability to read scrolls!
You feel drained. Something hits you. 😮 HP[-13]
You now have 77 max hp (-2).
You take 13 damage, and now have 49/77 hp.
You miss something. Something hits you but does no damage.
The wight hits you from afar with a +0 halberd.
You feel drained. 😮 HP[-7]
You now have 75 max hp (-2).
You take 7 damage, and now have 42/75 hp.
You barely miss something. Something hits you but does no damage.
The wight barely misses you. 😮 HP[+1]
You miss something. Something hits you but does no damage.
The wight hits you but does no damage.
You closely miss something. Something hits you but does no damage.
The wight barely misses you.
You hit something. Something hits you but does no damage.
The wight hits you from afar with a +0 halberd!
* * * LOW HITPOINT WARNING * * *
Something hits you but does no damage.
Unknown command. 😨 HP[-12]
You take 12 damage, and now have 31/75 hp. 😨 HP[+1]
You hear some strange, mumbled words.
A puff of flame appears from out of thin air!
The puff of flame hits you!
* * * LOW HITPOINT WARNING * * *
😨 HP[-7]
You take 7 damage, and now have 25/75 hp.
There is an open door here. 😨 HP[+1] 😨 HP[+1]
You can read scrolls again.
You hear some strange, mumbled words.
You are confused.
A magic dart appears from out of thin air!
The magic dart hits you but does no damage. 😨 HP[+1]
The wight hits you but does no damage.
The wight hits you with a +3 great sword!
You feel threatened and lose the ability to read scrolls!
* * * LOW HITPOINT WARNING * * *
You feel drained.
You see here a +0 falchion. 😨 HP[-7]
You now have 73 max hp (-2).
You take 7 damage, and now have 21/73 hp.
The wight hits you from afar with a +0 halberd.
* * * LOW HITPOINT WARNING * * *
You feel drained.
* * * LOW HITPOINT WARNING * * *
😱 HP[-4]
You now have 72 max hp (-1).
You take 4 damage, and now have 17/72 hp.
You feel much better.
You feel less confused.
An orc wizard appears from thin air!
Reactivating autopickup.
The wight hits you from afar with a +0 halberd.
* * * LOW HITPOINT WARNING * * *
You feel drained.
The wight hits you with a +3 great sword!
* * * LOW HITPOINT WARNING * * *
😨 HP[+3]
You now have 70 max hp (-2).
You regained 3 hp, and now have 20/70 hp.
Space bends around you!
You blink.
The orc wizard barely misses you. The wight completely misses you.
The wight barely misses you. 😨 HP[-2] MP[-1]
You take 2 damage, and now have 18/70 hp.
You lost 1 mp, and now have 14/15 mp.
You hit the orc wizard but do no damage.
You drain the orc wizard.
The orc wizard hits you but does no damage.
The wight completely misses you.
The wight hits you with a +3 great sword!
* * * LOW HITPOINT WARNING * * *
You feel drained.
You die...

Skill      XL: |  1  2  3  4  5  6  7  8  9 |
---------------+----------------------------+-----
Short Blades   | 1 2 3 4 |  4.3
Long Blades    | 1 2 3 4 |  4.3
Axes           | 1 2 3 4 |  4.3
Maces & Flails | 1 2 3 4 |  4.3
Staves         | 1 2 3 4 |  4.3
Slings         | 1 2 3 4 |  4.3
Bows           | 1 2 3 4 |  4.3
Crossbows      | 1 2 3 4 |  4.3
Throwing       | 1 2 3 4 |  4.3
Stealth        | 1 2 3 4 |  4.3
Shields        | 1 2 3 4 |  4.3
Unarmed Combat | 1 2 3 4 |  4.3
Spellcasting   | 1 2 3 4 |  4.3
Conjurations   | 1 2 3 |  3.5
Hexes          | 1 2 3 |  3.5
Summonings     | 1 2 3 |  3.5
Necromancy     | 1 2 3 |  3.5
Translocations | 1 2 3 |  3.5
Transmutations | 1 2 3 |  3.5
Fire Magic     | 1 2 3 |  3.5
Ice Magic      | 1 2 3 |  3.5
Air Magic      | 1 2 3 |  3.5
Earth Magic    | 1 2 3 |  3.5
Poison Magic   | 1 2 3 |  3.5
Evocations     | 1 2 3 4 |  4.3
Dodging        | 3 4 5 |  5.1
Polearms       | 5 6 |  6.3
Armour         | 5 6 |  6.3
Invocations    | 5 6 |  6.7
Fighting       | 7 |  7.9

Action                   |  1- 3 |  4- 6 |  7- 9 || total
-------------------------+-------+-------+-------++-------
Melee: Spear             |     2 |     3 |   107 ||   112
       Trident           |       |       |   313 ||   313
       Bite              |       |       |    34 ||    34
       Punch             |       |       |     5 ||     5
       Flail             |       |       |    64 ||    64
Throw: Dart              |       |       |     2 ||     2
Invok: Depart the Abyss  |       |       |     1 ||     1
       Bend Space        |       |       |     1 ||     1
Evoke: Box of beasts     |     1 |     1 |     1 ||     3
  Use: Scroll            |       |       |     8 ||     8
       Potion            |       |       |     8 ||     8
 Stab: Sleeping          |       |       |    10 ||    10
       Distracted        |       |       |     1 ||     1
Armor: Chain mail        |       |       |   277 ||   277
       Leather armour    |       |       |     6 ||     6
Dodge: Dodged            |       |     1 |   189 ||   190

Levels and vault maps discovered:
D:1:      lightli_molten_gateway, layout_basic, shapermc_ecumenical_altar_venn
D:2:      layout_loops_corners, uniq_terence
D:3:      layout_loops_ring, lemuel_tele_altar, minivault_27,
          grunt_ministairs_6, corexii_item_surrounded_by_moat
D:4:      layout_cave_pools, lemuel_coloured_pillars_altar
D:5:      layout_cave_pods, nzn_wu_jian_contemplation,
          mainiacjoe_overflow_alcove_4, grunt_decor_fettered
D:6:      layout_loops_corners, elyvilon_altar_3, temple_green,
          nicolae_specific_store, minivault_11, st_stairs_13, uniq_edmund
D:7:      layout_basic, nemelex_dance_club_becter, mrwooster_statue_mirror

Notes
Turn   | Place    | Note
-------+----------+-------------------------------------------
     0 | Abyss:1  | spiderkeys the Gnoll Abyssal Knight began the quest for the
                  | Orb.
     0 | Abyss:1  | Reached XP level 1. HP: 23/23 MP: 3/3
     0 | Abyss:1  | magus.rc [v1.9.10]
    44 | Abyss:1  | Found a corrupted altar of Lugonu.
   106 | Abyss:3  | Noticed a chaos spawn
   115 | Abyss:3  | Killed a chaos spawn
   116 | Abyss:3  | Reached skill level 1 in Short Blades
   116 | Abyss:3  | Reached skill level 1 in Long Blades
   116 | Abyss:3  | Reached skill level 1 in Axes
   116 | Abyss:3  | Reached skill level 1 in Maces & Flails
   116 | Abyss:3  | Reached skill level 1 in Staves
   116 | Abyss:3  | Reached skill level 1 in Slings
   116 | Abyss:3  | Reached skill level 1 in Bows
   116 | Abyss:3  | Reached skill level 1 in Crossbows
   116 | Abyss:3  | Reached skill level 1 in Throwing
   116 | Abyss:3  | Reached skill level 1 in Stealth
   116 | Abyss:3  | Reached skill level 1 in Shields
   116 | Abyss:3  | Reached skill level 1 in Unarmed Combat
   116 | Abyss:3  | Reached skill level 1 in Spellcasting
   116 | Abyss:3  | Reached skill level 1 in Conjurations
   116 | Abyss:3  | Reached skill level 1 in Hexes
   116 | Abyss:3  | Reached skill level 1 in Summonings
   116 | Abyss:3  | Reached skill level 1 in Necromancy
   116 | Abyss:3  | Reached skill level 1 in Translocations
   116 | Abyss:3  | Reached skill level 1 in Transmutations
   116 | Abyss:3  | Reached skill level 1 in Fire Magic
   116 | Abyss:3  | Reached skill level 1 in Ice Magic
   116 | Abyss:3  | Reached skill level 1 in Air Magic
   116 | Abyss:3  | Reached skill level 1 in Earth Magic
   116 | Abyss:3  | Reached skill level 1 in Poison Magic
   116 | Abyss:3  | Reached skill level 1 in Evocations
   116 | Abyss:3  | Reached XP level 2. HP: 29/29 MP: 5/5
   116 | Abyss:3  | Reached XP level 3. HP: 35/35 MP: 6/6
   116 | Abyss:3  | Reached XP level 4. HP: 41/41 MP: 7/7
   116 | Abyss:3  | Reached XP level 5. HP: 47/47 MP: 8/8
   123 | Abyss:3  | Reached skill level 3 in Dodging
   133 | Abyss:3  | Noticed an ancient zyme
   141 | Abyss:3  | Killed an ancient zyme
   142 | Abyss:3  | Reached skill level 2 in Short Blades
   142 | Abyss:3  | Reached skill level 2 in Long Blades
   142 | Abyss:3  | Reached skill level 2 in Axes
   142 | Abyss:3  | Reached skill level 2 in Maces & Flails
   142 | Abyss:3  | Reached skill level 5 in Polearms
   142 | Abyss:3  | Reached skill level 2 in Staves
   142 | Abyss:3  | Reached skill level 2 in Slings
   142 | Abyss:3  | Reached skill level 2 in Bows
   142 | Abyss:3  | Reached skill level 2 in Crossbows
   142 | Abyss:3  | Reached skill level 2 in Throwing
   142 | Abyss:3  | Reached skill level 5 in Armour
   142 | Abyss:3  | Reached skill level 2 in Stealth
   142 | Abyss:3  | Reached skill level 2 in Shields
   142 | Abyss:3  | Reached skill level 2 in Unarmed Combat
   142 | Abyss:3  | Reached skill level 2 in Spellcasting
   142 | Abyss:3  | Reached skill level 5 in Invocations
   142 | Abyss:3  | Reached skill level 2 in Evocations
   142 | Abyss:3  | Reached XP level 6. HP: 53/53 MP: 9/9
   152 | Abyss:3  | Noticed a sixfirhy
   158 | Abyss:3  | Killed a sixfirhy
   159 | Abyss:3  | Reached skill level 7 in Fighting
   159 | Abyss:3  | Reached skill level 3 in Short Blades
   159 | Abyss:3  | Reached skill level 3 in Long Blades
   159 | Abyss:3  | Reached skill level 3 in Axes
   159 | Abyss:3  | Reached skill level 3 in Maces & Flails
   159 | Abyss:3  | Reached skill level 3 in Staves
   159 | Abyss:3  | Reached skill level 3 in Slings
   159 | Abyss:3  | Reached skill level 3 in Bows
   159 | Abyss:3  | Reached skill level 3 in Crossbows
   159 | Abyss:3  | Reached skill level 3 in Throwing
   159 | Abyss:3  | Reached skill level 4 in Dodging
   159 | Abyss:3  | Reached skill level 3 in Stealth
   159 | Abyss:3  | Reached skill level 3 in Shields
   159 | Abyss:3  | Reached skill level 3 in Unarmed Combat
   159 | Abyss:3  | Reached skill level 3 in Spellcasting
   159 | Abyss:3  | Reached skill level 2 in Conjurations
   159 | Abyss:3  | Reached skill level 2 in Hexes
   159 | Abyss:3  | Reached skill level 2 in Summonings
   159 | Abyss:3  | Reached skill level 2 in Necromancy
   159 | Abyss:3  | Reached skill level 2 in Translocations
   159 | Abyss:3  | Reached skill level 2 in Transmutations
   159 | Abyss:3  | Reached skill level 2 in Fire Magic
   159 | Abyss:3  | Reached skill level 2 in Ice Magic
   159 | Abyss:3  | Reached skill level 2 in Air Magic
   159 | Abyss:3  | Reached skill level 2 in Earth Magic
   159 | Abyss:3  | Reached skill level 2 in Poison Magic
   159 | Abyss:3  | Reached skill level 3 in Evocations
   159 | Abyss:3  | Reached XP level 7. HP: 60/60 MP: 9/11
   159 | Abyss:3  | Reached XP level 8. HP: 67/67 MP: 9/12
   187 | Abyss:3  | HP: 13/67 [chaos spawn (12)]
   211 | Abyss:3  | Noticed a dire elephant
   211 | Abyss:3  | Noticed an elephant
   212 | Abyss:3  | Noticed a hellephant
   213 | Abyss:3  | Noticed a dire elephant
   214 | Abyss:3  | Noticed an elephant
   214 | Abyss:3  | Noticed a green draconian shifter
   215 | D:1      | You pass through the gate.
   215 | D:1      | Escaped the Abyss
   757 | D:1      | Found a faded altar of an unknown god.
  1015 | D:1      | Reached * piety under Lugonu
  1450 | D:2      | You add the spells Sting, Poisonous Vapours and Olgreb's
                  | Toxic Radiance to your library.
  1525 | D:2      | Learned a level 2 spell: Poisonous Vapours
  2236 | D:2      | Noticed Terence
  2249 | D:2      | Killed Terence
  3597 | D:3      | Found a shimmering altar of Xom.
  3773 | D:4      | Reached ** piety under Lugonu
  3774 | D:4      | Reached skill level 6 in Invocations
  3910 | D:4      | You add the spells Alistair's Intoxication, Borgnjor's Vile
                  | Clutch and Eringya's Noxious Bog to your library.
  4026 | D:4      | Found a glowing golden altar of the Shining One.
  4226 | D:4      | HP: 16/67 [orc (2)]
  4708 | D:5      | Entered Level 5 of the Dungeon
  4742 | D:5      | You add the spells Ozocubu's Armour and Ozocubu's
                  | Refrigeration to your library.
  5052 | D:5      | Reached skill level 3 in Conjurations
  5052 | D:5      | Reached skill level 3 in Hexes
  5052 | D:5      | Reached skill level 3 in Summonings
  5052 | D:5      | Reached skill level 3 in Necromancy
  5052 | D:5      | Reached skill level 3 in Translocations
  5052 | D:5      | Reached skill level 3 in Transmutations
  5052 | D:5      | Reached skill level 3 in Fire Magic
  5052 | D:5      | Reached skill level 3 in Ice Magic
  5052 | D:5      | Reached skill level 3 in Air Magic
  5052 | D:5      | Reached skill level 3 in Earth Magic
  5052 | D:5      | Reached skill level 3 in Poison Magic
  5176 | D:5      | HP: 8/67 [ogre (12)]
  5178 | D:5      | Reached skill level 6 in Polearms
  5178 | D:5      | Reached skill level 6 in Armour
  5178 | D:5      | Reached XP level 9. HP: 9/72 MP: 14/14
  5469 | D:5      | You pick up a book of Scorching and begin reading...
  5469 | D:5      | You add the spells Scorch, Flame Wave and Summon Cactus
                  | Giant to your library.
  5500 | D:5      | Found an ornate altar of the Wu Jian Council.
  5978 | D:5      | Found a hide-covered altar of Uskayaw.
  6066 | D:5      | Gained mutation: You have a pair of small horns on your
                  | head. [potion of mutation]
  6066 | D:5      | Gained mutation: Your spells are a little easier to cast,
                  | but a little less powerful. [potion of mutation]
  6067 | D:5      | Lost mutation: You have a pair of small horns on your head.
                  | [potion of mutation]
  6067 | D:5      | Lost mutation: Your spells are a little easier to cast, but
                  | a little less powerful. [potion of mutation]
  6067 | D:5      | Gained mutation: You have sharp toenails. [potion of
                  | mutation]
  6067 | D:5      | Lost mutation: You have sharp toenails. [potion of
                  | mutation]
  6067 | D:5      | Gained mutation: You are occasionally teleported next to
                  | monsters. [potion of mutation]
  6068 | D:5      | Lost mutation: You are occasionally teleported next to
                  | monsters. [potion of mutation]
  6068 | D:5      | Gained mutation: You are robust. (+10% HP) [potion of
                  | mutation]
  6068 | D:5      | Gained mutation: You are clumsy. (Dex -2) [potion of
                  | mutation]
  6068 | D:5      | Gained mutation: You sometimes lose the ability to read
                  | scrolls when taking damage. [potion of mutation]
  6186 | D:6      | Found Turrimn's Specific Store.
  6186 | D:6      | Noticed Edmund
  6229 | D:6      | HP: 14/64 [Edmund/puff of flame (6)]
  6230 | D:6      | HP: 4/64 [Edmund (10)]
  6234 | D:6      | Killed Edmund
  6235 | D:6      | Reached skill level 4 in Short Blades
  6235 | D:6      | Reached skill level 4 in Long Blades
  6235 | D:6      | Reached skill level 4 in Axes
  6235 | D:6      | Reached skill level 4 in Maces & Flails
  6235 | D:6      | Reached skill level 4 in Staves
  6235 | D:6      | Reached skill level 4 in Slings
  6235 | D:6      | Reached skill level 4 in Bows
  6235 | D:6      | Reached skill level 4 in Crossbows
  6235 | D:6      | Reached skill level 4 in Throwing
  6235 | D:6      | Reached skill level 4 in Stealth
  6235 | D:6      | Reached skill level 4 in Shields
  6235 | D:6      | Reached skill level 4 in Unarmed Combat
  6235 | D:6      | Reached skill level 4 in Spellcasting
  6235 | D:6      | Reached skill level 4 in Evocations
  6479 | D:6      | Found Tyxup's General Store.
  6539 | D:6      | You pick up a book of Storms and begin reading...
  6539 | D:6      | You add the spells Airstrike, Summon Lightning Spire and
                  | Lightning Bolt to your library.
  6654 | D:6      | Found a white marble altar of Elyvilon.
  6874 | D:6      | Reached skill level 5 in Dodging
  7269 | D:6      | Found a staircase to the Ecumenical Temple.
  7785 | D:7      | HP: 18/73 [wight (3)]
  7788 | D:7      | HP: 6/70 [wight (13)]
  7788 | D:7      | Slain by a wight

Vanquished Creatures
  A chaos spawn (Abyss:3)
  Edmund (D:6)
  An ice beast (D:6)
  2 black bears
  2 ogres
  3 scorpions
  A water moccasin skeleton (D:6)
  2 centaur zombies
  A jelly (D:7)
  4 hounds
  2 centaur skeletons
  Terence (D:2)
  2 iguanas
  2 orc wizards (D:4)
  A hound skeleton (D:5)
  4 gnolls (D:2)
  3 adders
  A shadow imp (D:6)
  A white imp (D:6)
  An ufetubus (D:4)
  3 worms
  3 dart slugs
  9 orcs
  4 endoplasms
  A giant cockroach (D:2)
  7 goblins
  5 hobgoblins
  3 jackals (D:3)
  A quokka (D:1)
  5 ball pythons
  3 bats
  7 frilled lizards
  4 kobolds
  6 rats
97 creatures vanquished.

Vanquished Creatures (collateral kills)
  A sixfirhy (Abyss:3)
  An ancient zyme (Abyss:3)
  A chaos spawn (Abyss:3)
  A small abomination (Abyss:3)
4 creatures vanquished.

Grand Total: 101 creatures vanquished

Table legend:
 A = Non-vault XP
 B = Vault XP
 C = Vault XP percentage of total XP
 D = Non-vault monster count
 E = Vault monster count
 F = Vault count percentage of total count
                 A         B        C        D         E       F
            +---------+---------+-------+---------+---------+-------
      Total |    3155 |     341 |   9.8 |      92 |       9 |   8.9
            +---------+---------+-------+---------+---------+-------
        D:1 |      32 |       0 |   0.0 |      20 |       0 |   0.0
        D:2 |      94 |      38 |  28.8 |      17 |       1 |   5.6
        D:3 |      16 |       8 |  33.3 |      10 |       4 |  28.6
        D:4 |     235 |       0 |   0.0 |      16 |       0 |   0.0
        D:5 |     549 |       0 |   0.0 |      11 |       0 |   0.0
        D:6 |     602 |     295 |  32.9 |      10 |       4 |  28.6
        D:7 |      49 |       0 |   0.0 |       3 |       0 |   0.0
    Abyss:3 |    1578 |       0 |   0.0 |       5 |       0 |   0.0
            +---------+---------+-------+---------+---------+-------

Illustrated notes

Table legend:
 A = Kills in this place as a percentage of kills in entire the game.
 B = Kills by you in this place as a percentage of kills by you in the entire game.
 C = Kills by friends in this place as a percentage of kills by friends in the entire game.
 D = Other kills in this place as a percentage of other kills in the entire game.
 E = Experience gained in this place as a percentage of experience gained in the entire game.
 F = Experience gained in this place divided by the number of levels of this place that you have seen.
                   A       B       C       D       E      F
               +-------+-------+-------+-------+-------+----------------------
         Total | 100.0 | 100.0 | 100.0 |   N/A | 100.0 | 349.6
       Dungeon |  95.0 |  99.0 |   0.0 |   N/A |  54.9 | 274.0
         Abyss |   5.0 |   1.0 | 100.0 |   N/A |  45.1 | 526.0
               +-------+-------+-------+-------+-------+----------------------

Table legend: (Time is in decaauts)
 A = Elapsed time spent in this place.
 B = Non-inter-level travel time spent in this place.
 C = Inter-level travel time spent in this place.
 D = Time resting spent in this place.
 E = Time spent auto-exploring this place.
 F = Levels seen in this place.
 G = Mean time per level.
                   A        B        C        D        E       F      G
               +--------+--------+--------+--------+--------+-----+--------+
         Total |   7778 |   7612 |    166 |    119 |   6418 |  10 |  777.8 |
       Dungeon |   7565 |   7399 |    166 |    100 |   6418 |   7 | 1080.7 |
         Abyss |    212 |    212 |      0 |     19 |      0 |   3 |   70.7 |
               +--------+--------+--------+--------+--------+-----+--------+

Top non-repeatable levels by time:
     D:2: 1627 daAuts
     D:6: 1553 daAuts
     D:5: 1386 daAuts
     D:1: 1114 daAuts
     D:4: 948 daAuts
     D:3: 785 daAuts
     D:7: 150 daAuts
 Abyss:3: 138 daAuts
 Abyss:1: 57 daAuts
 Abyss:2: 16 daAuts
